 Dungeon Crawl Stone Soup version 0.29.0-4-gdea44cf6ec (webtiles) character file.

Game seed: 10719423400231579205

126 qw the Chopper (level 5, -2/30 HPs)
             Began as a Tengu Warper on Aug 28, 2022.
             Slain by a hell rat (17 damage)
             ... in a sewer.
             The game lasted 00:00:13 (2326 turns).

qw the Chopper (Tengu Warper)                       Turns: 2326, Time: 00:00:13

Health: -2/30      AC:  5    Str: 14    XL:     5   Next: 9%
Magic:  9/9        EV: 13    Int: 13    God:
Gold:   139        SH:  5    Dex: 13    Spells: 8/8 levels left

rFire   . . .      SeeInvis .   Y - +0 war axe
rCold   . . .      Faith    .   (no shield)
rNeg    . . .      Spirit   .   i - +0 ring mail
rPois   .          Reflect  +   (helmet restricted)
rElec   .          Harm     .   (no cloak)
rCorr   .          Rampage  .   (no gloves)
Will    .....                   (boots unavailable)
Stlth   +.........              a - amulet of reflection
HPRegen 0.10/turn               (no ring)
MPRegen 0.11/turn               (no ring)

@: flying quickly and evasively, quick
A: beak, talons 3, nimble flight
a: no special abilities


You were in a sewer.
You visited 1 branch of the dungeon, and saw 3 of its levels.
You also visited: Sewer.

You collected 139 gold pieces.


Innate Abilities, Weirdness & Mutations

You have a beak for a mouth.
You have claws for feet.
Your magical nature lets you fly swiftly and evasively.


   Skills:
 - Level 2.0 Fighting
 + Level 5.6 Axes
 - Level 1.0 Throwing
 - Level 1.1 Armour
 - Level 2.1 Dodging
 - Level 2.0 Spellcasting
 - Level 2.4 Translocations


You had 8 spell levels left.
You didn't know any spells.
Your spell library contained the following spells:

 Spells                   Type           Power      Damage    Failure   Level
 Blink                    Tloc           14%        N/A       30%         2
 Gell's Gravitas          Tloc           7%         N/A       52%         3
 Lesser Beckoning         Tloc           7%         N/A       52%         3
 Teleport Other           Tloc           7%         N/A       52%         3
 Manifold Assault         Tloc           7%         N/A       99%         5

Inventory:

Hand Weapons
 h - a +0 club
 Y - a +0 war axe (weapon)
Missiles
 d - a boomerang (quivered)
Armour
 i - a +0 ring mail (worn)
Jewellery
 a - an amulet of reflection (around neck)
Potions
 b - 2 potions of heal wounds
 c - a potion of brilliance {unknown}
 e - a potion of degeneration {unknown}
 g - 2 potions of curing

Dungeon Overview and Level Annotations

Branches:
Dungeon (4/15)              Sewer (1/1)
 Temple: D:4-7

Altars:
Uskayaw


Message History

You throw a boomerang. The boomerang hits the rat.
The rat is severely wounded.
Throw: boomerang
Press: ? - help, Q - select action Shift-Dir - straight line, f/p - rat You throw a boomerang.
The boomerang barely misses the rat.
Throw: boomerang
Press: ? - help, Q - select action Shift-Dir - straight line, f/p - rat You throw a boomerang.
The boomerang closely misses the rat.
You slash the rat!
You kill the rat!
You reach down and open the door.
A hell rat comes into view.
The hell rat roars deafeningly!
The hell rat twitches its whiskers.
Found seven items.
Found a gate leading back out of this place.
Throw: boomerang
Press: ? - help, Q - select action Shift-Dir - straight line, f - hell rat You throw a boomerang.
The boomerang barely misses the hell rat.
You barely miss the hell rat. Your kick misses the hell rat.
The hell rat misses you. The hell rat bites you!
Ouch! That really hurt!
You hit the hell rat. Your kick misses the hell rat.
Your peck misses the hell rat.
The hell rat is lightly wounded.
You block the hell rat's attack.
You hit the hell rat. Your kick misses the hell rat.
Your peck misses the hell rat. Your punch misses the hell rat.
The hell rat is heavily wounded.
The hell rat barely misses you. The hell rat closely misses you.
You hit the hell rat but do no damage. You claw the hell rat.
The hell rat is severely wounded.
The hell rat misses you.
You hit the hell rat.
You claw the hell rat, but do no damage.
The hell rat is severely wounded.
The hell rat misses you. The hell rat bites you!
Ouch! That really hurt!
You die...

#########
###.~..~~.###
###~~~~.@%....#
#~.~~~##r##..~~.
##~.~###.~. ~~.
#~.~## ~~~~~ ~
#.~~# ~~~~~.. ~
#...##~????!.# .~
##.~~###!\[###.%.
#~.~~.#####~~..~
###~~~~.\....~#


You could see a hell rat.

Vanquished Creatures
  A hound (D:4)
  3 adders
  A river rat (Sewer)
  An ufetubus (D:4)
  A worm (D:2)
  2 dart slugs (D:1)
  3 endoplasms
  6 giant cockroaches
  A quokka (D:2)
  6 ball pythons
  4 bats
  9 frilled lizards (D:2)
  8 goblins
  3 kobolds
  6 rats
55 creatures vanquished.

Notes
Turn   | Place    | Note
-------+----------+-------------------------------------------
     0 | D:1      | qw the Tengu Warper began the quest for the Orb.
     0 | D:1      | Reached XP level 1. HP: 12/12 MP: 4/4
     0 | D:1      | 0 ||| qw: Version: 0.1-a-89-g26bdef1
     0 | D:1      | 0 ||| qw: Game counter: 1085
     0 | D:1      | 0 ||| qw: Always use a shield: true
     0 | D:1      | 0 ||| qw: God list: Okawaru
     0 | D:1      | 0 ||| qw: Allow faded altars: false
     0 | D:1      | 0 ||| qw: Do Orc after D:15 true
     0 | D:1      | 0 ||| qw: Do second Lair branch before Depths: true
     0 | D:1      | 0 ||| qw: Lair rune preference: random
     0 | D:1      | 0 ||| qw: Plans: Normal
     0 | D:1      | 0 ||| PLANNING D:1-11
   104 | D:1      | 104 ||| Stepping ~*~*~tactically~*~*~ (stealth).
   193 | D:1      | Reached skill level 3 in Axes
   193 | D:1      | Reached XP level 2. HP: 17/17 MP: 6/6
   305 | D:1      | 305 ||| Stepping ~*~*~tactically~*~*~ (hiding).
   409 | D:1      | 409 ||| Stepping ~*~*~tactically~*~*~ (hiding).
   411 | D:1      | 411 ||| Stepping ~*~*~tactically~*~*~ (hiding).
   414 | D:1      | 414 ||| Stepping ~*~*~tactically~*~*~ (hiding).
   531 | D:1      | Found a faded altar of an unknown god.
   854 | D:1      | 854 ||| READING scroll labelled QITUPL ELAE.
   855 | D:1      | 855 ||| READING scroll labelled QIESEW RETOAS.
   856 | D:1      | 856 ||| READING scroll labelled EMUCELOM HINUM.
   857 | D:1      | 857 ||| DRINKING 2 metallic cyan potions.
   958 | D:1      | 958 ||| DRINKING 3 yellow potions.
   959 | D:1      | 959 ||| DROPPING scroll of blinking.
   960 | D:1      | 960 ||| DROPPING potion of ambrosia.
   982 | D:2      | Found a hide-covered altar of Uskayaw.
   987 | D:2      | 987 ||| STAIRDANCE
   994 | D:2      | 994 ||| STAIRDANCE
  1035 | D:2      | Reached XP level 3. HP: 21/21 MP: 7/7
  1127 | D:2      | Reached skill level 4 in Axes
  1333 | D:2      | 1333 ||| Stepping ~*~*~tactically~*~*~ (hiding).
  1334 | D:2      | 1334 ||| Stepping ~*~*~tactically~*~*~ (hiding).
  1588 | D:2      | 1588 ||| SWAPPING to +0 war axe.
  1589 | D:2      | 1589 ||| DROPPING +0 hand axe.
  1593 | D:2      | 1593 ||| Stepping ~*~*~tactically~*~*~ (stealth).
  1595 | D:2      | 1595 ||| Stepping ~*~*~tactically~*~*~ (stealth).
  1597 | D:2      | 1597 ||| Stepping ~*~*~tactically~*~*~ (stealth).
  1608 | D:2      | Reached XP level 4. HP: 24/26 MP: 8/8
  1664 | D:2      | You fall into a shaft and drop 2 floors!
  1688 | D:4      | 1688 ||| PLANNING SEWER
  1699 | D:4      | HP: 4/26 [hound (4)]
  1701 | D:4      | Reached skill level 5 in Axes
  1983 | D:4      | Found a glowing drain.
  1984 | D:4      | 1984 ||| DROPPING ring of flight.
  1985 | D:4      | 1985 ||| READING scroll labelled IBULEHORGHA.
  1992 | D:4      | 1992 ||| Stepping ~*~*~tactically~*~*~ (hiding).
  2106 | D:4      | 2106 ||| Stepping ~*~*~tactically~*~*~ (stealth).
  2111 | D:4      | 2111 ||| UPGRADING to +0 ring mail.
  2121 | D:4      | 2121 ||| DROPPING +0 leather armour.
  2122 | D:4      | 2122 ||| UPGRADING to amulet of reflection.
  2127 | D:4      | 2127 ||| READING scroll labelled VODAGU MOMO.
  2271 | D:4      | 2271 ||| DRINKING 3 emerald potions.
  2277 | Sewer    | Entered a sewer
  2279 | Sewer    | 2279 ||| Stepping ~*~*~tactically~*~*~ (stealth).
  2285 | Sewer    | Gained mutation: Your magical nature lets you fly swiftly
                  | and evasively. [Tengu growth]
  2285 | Sewer    | Reached XP level 5. HP: 30/30 MP: 9/9
  2326 | Sewer    | Slain by a hell rat

Levels and vault maps discovered:
D:1:      dpeg_arrival_leaves_temple_mockup, layout_rooms,
          hellmonk_ecumenical_altar_defaced_shrine, chequers_big_river,
          fountainhead
D:2:      layout_basic, serial_aquarium, aquarium_bridge_long_separate
          [aquarium_subvault_wall, aquarium_subvault_bridge,
          aquarium_subvault_bridge, aquarium_subvault_bridge,
          aquarium_subvault_wall, aquarium_subvault_wall],
          aquarium_bridge_island_small [aquarium_subvault_small_water,
          aquarium_subvault_bridge, aquarium_subvault_wall,
          aquarium_subvault_window, aquarium_subvault_bridge],
          aquarium_window_2, aquarium_window_1, aquarium_window_corridor_1,
          aquarium_window_1, aquarium_view_2b, aquarium_pool_four, basic_altar,
          st_stairs_9, minmay_lizard_pond
D:4:      layout_loops_corners, lemuel_mausoleum_altar_yredelemnul,
          gup_sewer_entry_glass
Sewer:    sewer_hellmonk_bad_rat

Skill      XL: |  1  2  3  4 |
---------------+-------------+-----
Axes           | 3 4 5 |  5.6
Fighting       | |  2.0
Throwing       | |  1.0
Armour         | |  1.1
Dodging        | |  2.1
Spellcasting   | |  2.0
Translocations | |  2.4

Action                   |  1- 3 |  4- 6 || total
-------------------------+-------+-------++-------
Melee: Hand axe          |    64 |       ||    64
       Peck              |    13 |     4 ||    17
       Kick              |    12 |     7 ||    19
       War axe           |     9 |    44 ||    53
       Punch             |       |     1 ||     1
Throw: Boomerang         |    35 |    15 ||    50
  Use: Scroll            |     3 |     2 ||     5
       Potion            |     2 |     1 ||     3
 Stab: Distracted        |     1 |     1 ||     2
Armor: Leather armour    |    20 |     9 ||    29
       Ring mail         |       |     2 ||     2
Dodge: Dodged            |    46 |    25 ||    71
Block: Other             |       |     2 ||     2

Table legend:
 A = Non-vault XP
 B = Vault XP
 C = Vault XP percentage of total XP
 D = Non-vault monster count
 E = Vault monster count
 F = Vault count percentage of total count
                 A         B        C        D         E       F
            +---------+---------+-------+---------+---------+-------
      Total |     119 |      61 |  33.9 |      31 |      24 |  43.6
            +---------+---------+-------+---------+---------+-------
        D:1 |      18 |      14 |  43.8 |      13 |       5 |  27.8
        D:2 |      44 |      11 |  20.0 |      12 |      10 |  45.5
        D:4 |      57 |      19 |  25.0 |       6 |       4 |  40.0
      Sewer |       0 |      17 | 100.0 |       0 |       5 | 100.0
            +---------+---------+-------+---------+---------+-------
